[Event "Titled Tuesday Blitz July 25 Early 2023"]
[White "Molina, Roberto Junio Brito"]
[Black "Yeritsyan, Hayk"]
[WhiteFideId "2109450"]
[BlackFideId "13307320"]
[WhiteElo "2850"]
[BlackElo "2478"]
[Result "0-1"]
[Round "8"]
[TimeControl "180+2"]
[Date "2023.07.25"]
[WhiteClock "0:00:00"]
[BlackClock "0:00:33"]
[Board "94"]

1. e4 c6 2. d4 d5 3. exd5 cxd5 4. Bd3 Nf6 5. c3 Nc6 6. Bf4 Bg4 7. Nf3 e6 8. Nbd2 Bd6 9. Bxd6 Qxd6 10. O-O O-O 11. Qe1 Bxf3 12. Nxf3 a6 13. Ne5 Rac8 14. f4 Ne7 15. Rf3 g6 16. Qh4 Kg7 17. Rh3 h5 18. Rf1 Nf5 19. Qe1 b5 20. a3 Ng4 21. Rhf3 a5 22. Bxb5 Rb8 23. a4 Nf6 24. h3 h4 25. R1f2 Ne4 26. Rc2 Rfc8 27. Rd3 Rc7 28. Re2 Nfg3 29. Rc2 Nf5 30. Qc1 Rbc8 31. Rd1 Qb6 32. Kh2 Qd6 33. Re2 f6 34. Nf3 Neg3 35. Ree1 Nh5 36. Kg1 Nxf4 37. Qd2 g5 38. Rc1 Ng3 39. b3 Ne4 40. Rxe4 dxe4 41. Nh2 e5 42. Rd1 exd4 43. cxd4 Rc2 44. Qxa5 Nxh3+ 0-1


[Site "https://www.chess.com"]

[Event "Titled Tuesday Blitz July 25 Early 2023"]
[White "Papayan, Oleg"]
[Black "Putnam, Liam"]
[WhiteFideId "4193911"]
[BlackFideId "30938279"]
[WhiteElo "2474"]
[BlackElo "2782"]
[Result "0-1"]
[Round "8"]
[TimeControl "180+2"]
[Date "2023.07.25"]
[WhiteClock "0:00:00"]
[BlackClock "0:00:48"]
[Board "95"]

1. e4 g6 2. d4 Bg7 3. Nc3 d6 4. Be3 a6 5. a4 Nf6 6. f3 Nc6 7. Bc4 e5 8. Nge2 O-O 9. O-O exd4 10. Nxd4 Ne5 11. Bb3 Bd7 12. Qd2 Qe7 13. Bg5 c5 14. Nde2 Bc6 15. Rad1 Rad8 16. Nf4 Qd7 17. Nfd5 Bxd5 18. Nxd5 Nxd5 19. Bxd8 Rxd8 20. Qxd5 Qc7 21. Qd2 c4 22. Ba2 Qb6+ 23. Kh1 Qxb2 24. c3 Qa3 25. Qc2 b5 26. axb5 axb5 27. Rb1 Ra8 28. Rb2 Nd3 0-1


[Site "https://www.chess.com"]

[Event "Titled Tuesday Blitz July 25 Early 2023"]
[White "Suyarov, Mukhammadzokhid"]
[Black "Luukkonen, Tommi"]
[WhiteFideId "14210495"]
[BlackFideId "501808"]
[WhiteElo "2718"]
[BlackElo "2471"]
[Result "1-0"]
[Round "8"]
[TimeControl "180+2"]
[Date "2023.07.25"]
[WhiteClock "0:01:55"]
[BlackClock "0:00:11"]
[Board "96"]

1. d4 Nf6 2. Nc3 d5 3. Bf4 g6 4. Qd2 Bg7 5. Bh6 Bxh6 6. Qxh6 c5 7. e3 cxd4 8. exd4 Nc6 9. O-O-O Bf5 10. Nf3 Ng4 11. Qg7 Rf8 12. Rd2 Qd6 13. Bb5 O-O-O 14. Bxc6 bxc6 15. Re1 Nf6 16. Ng5 Qxh2 17. Rxe7 Qd6 18. Rxf7 Nh5 19. Qxh7 Rxf7 20. Nxf7 Qe7 21. Re2 Qc7 22. g4 Bxg4 23. Qxg6 Bxe2 24. Nxd8 Qf4+ 25. Kb1 Qd2 26. Qxc6+ Kxd8 27. Qxd5+ Kc8 28. Qe6+ Kd8 29. Qxe2 1-0


[Site "https://www.chess.com"]

[Event "Titled Tuesday Blitz July 25 Early 2023"]
[White "Estrada Nieto, Julian"]
[Black "Skliarov, Viktor"]
[WhiteFideId "5101018"]
[BlackFideId "14106736"]
[WhiteElo "2459"]
[BlackElo "2662"]
[Result "1-0"]
[Round "8"]
[TimeControl "180+2"]
[Date "2023.07.25"]
[WhiteClock "0:00:29"]
[BlackClock "0:00:02"]
[Board "97"]

1. e4 c5 2. Nf3 Nc6 3. Bb5 e6 4. O-O Nge7 5. Re1 Nd4 6. Nxd4 cxd4 7. d3 a6 8. Ba4 b5 9. Bb3 Nc6 10. Nd2 Bc5 11. Nf3 O-O 12. a4 Bb7 13. c3 f5 14. e5 Qe8 15. Bd2 h6 16. Rc1 Qe7 17. Qe2 Rac8 18. cxd4 Nxd4 19. Nxd4 Bxd4 20. axb5 axb5 21. Bc3 Qg5 22. Qf1 Bb6 23. d4 b4 24. Bxb4 Rxc1 25. Rxc1 Bxg2 26. h4 Bxf1+ 27. hxg5 Rb8 28. Bd6 Ra8 29. Kxf1 Bxd4 30. gxh6 gxh6 31. Rc7 Ra1+ 32. Kg2 Rb1 33. Rxd7 Rxb2 34. Bxe6+ Kh8 35. Rf7 Rxf2+ 36. Kg3 f4+ 37. Rxf4 Rxf4 38. Kxf4 Kg7 39. Bf5 h5 40. e6 Bf6 41. Be5 Bxe5+ 42. Kxe5 Kf8 43. Kf6 1-0


[Site "https://www.chess.com"]

[Event "Titled Tuesday Blitz July 25 Early 2023"]
[White "Tologon tegin, Semetei"]
[Black "Devaev, Alexander"]
[WhiteFideId "13800574"]
[BlackFideId "4169395"]
[WhiteElo "2581"]
[BlackElo "2458"]
[Result "0-1"]
[Round "8"]
[TimeControl "180+2"]
[Date "2023.07.25"]
[WhiteClock "0:00:00"]
[BlackClock "0:00:03"]
[Board "98"]

1. b3 c5 2. Bb2 Nf6 3. Nf3 Nc6 4. c4 e6 5. e3 Be7 6. Be2 O-O 7. O-O b6 8. d4 cxd4 9. Nxd4 Bb7 10. Nc3 Ne5 11. f4 Ng6 12. Bf3 Qb8 13. g3 Re8 14. e4 e5 15. fxe5 Nxe5 16. Nd5 Bxd5 17. exd5 Bc5 18. Kg2 Bxd4 19. Qxd4 d6 20. Rae1 Qc7 21. Bd1 Nfd7 22. Qh4 Nf8 23. Bc2 f6 24. a4 a6 25. Bxe5 dxe5 26. b4 Qd6 27. Rb1 Rac8 28. Rfc1 Rc7 29. Bd3 Rec8 30. Qe4 Rd8 31. a5 bxa5 32. bxa5 Qc5 33. Qe1 g6 34. Qb4 f5 35. Qxc5 Rxc5 36. Ra1 e4 37. Bf1 Nd7 38. Kf2 Ne5 39. Ke3 Kf7 0-1


[Site "https://www.chess.com"]

[Event "Titled Tuesday Blitz July 25 Early 2023"]
[White "Dinu, Dumitru-Daniel"]
[Black "Sadykov, Ramil"]
[WhiteFideId "1208403"]
[BlackFideId "24113590"]
[WhiteElo "2457"]
[BlackElo "2568"]
[Result "1-0"]
[Round "8"]
[TimeControl "180+2"]
[Date "2023.07.25"]
[WhiteClock "0:00:22"]
[BlackClock "0:00:16"]
[Board "99"]

1. d4 Nf6 2. c4 g6 3. Nc3 d5 4. cxd5 Nxd5 5. e4 Nxc3 6. bxc3 Bg7 7. Nf3 c5 8. Rb1 cxd4 9. cxd4 Qa5+ 10. Bd2 Qxa2 11. Qc1 Qe6 12. Ng5 Qd7 13. Bb5 Nc6 14. d5 O-O 15. dxc6 Qg4 16. O-O h6 17. h3 Qh4 18. Nf3 Qxe4 19. Re1 Qd5 20. Bxh6 a6 21. Ba4 b5 22. Bb3 Qd6 23. Bxg7 Kxg7 24. Qc3+ f6 25. Rbd1 Qc7 26. Be6 a5 27. Bxc8 Rfxc8 28. Qc5 e5 29. Rd6 Ra6 30. Red1 Rxc6 31. Rd7+ Kh8 32. Qe7 1-0


[Site "https://www.chess.com"]

[Event "Titled Tuesday Blitz July 25 Early 2023"]
[White "Spaqi, Wilson"]
[Black "Yurovskykh, Oleksandr"]
[WhiteFideId "2053888"]
[BlackFideId "14134020"]
[WhiteElo "2447"]
[BlackElo "2556"]
[Result "0-1"]
[Round "8"]
[TimeControl "180+2"]
[Date "2023.07.25"]
[WhiteClock "0:01:09"]
[BlackClock "0:00:52"]
[Board "100"]

1. d4 g6 2. Bf4 Bg7 3. Nf3 d6 4. c3 Nd7 5. e3 e5 6. dxe5 dxe5 7. Bg5 f6 8. Bh4 Nh6 9. Bc4 Qe7 10. O-O Nf5 11. Bg3 Nb6 12. Bb3 Be6 13. Bxe6 Qxe6 14. Qb3 Kf7 15. Nbd2 Rhd8 16. Ne4 Qxb3 17. axb3 Bf8 18. Rfd1 a6 19. h3 Be7 20. Kf1 Ke6 21. Ke2 Ng7 22. Rxd8 Rxd8 23. Rd1 Rxd1 24. Kxd1 h6 25. Bh2 f5 26. Ned2 Bf6 27. Kc2 c5 28. Nc4 Nxc4 29. bxc4 e4 30. Ng1 Be5 31. Bxe5 Kxe5 32. Ne2 Ne6 33. h4 g5 34. hxg5 hxg5 35. g3 Nf8 36. b4 b6 37. bxc5 bxc5 38. Kb3 Nd7 39. Ka4 Nb6+ 40. Ka5 Nxc4+ 41. Kxa6 Nb2 42. Kb5 Nd3 43. Kc6 Nxf2 44. Kxc5 Nd1 45. c4 Nxe3 46. Kb5 f4 47. gxf4+ gxf4 48. c5 f3 49. Ng3 Nf5 50. Nxf5 Kxf5 51. c6 f2 52. c7 f1=Q+ 0-1


[Site "https://www.chess.com"]

[Event "Titled Tuesday Blitz July 25 Early 2023"]
[White "Krzywda, Andrzej"]
[Black "Ambartsumova, Karina"]
[WhiteFideId "1114565"]
[BlackFideId "4166299"]
[WhiteElo "2437"]
[BlackElo "2556"]
[Result "0-1"]
[Round "8"]
[TimeControl "180+2"]
[Date "2023.07.25"]
[WhiteClock "0:00:09"]
[BlackClock "0:00:18"]
[Board "101"]

1. e4 e5 2. Nf3 Nc6 3. Bb5 Nf6 4. d3 d6 5. O-O Bd7 6. c4 g6 7. Nc3 Bg7 8. Bg5 h6 9. Bxf6 Qxf6 10. Nd5 Qd8 11. b4 O-O 12. Bxc6 bxc6 13. Ne3 f5 14. c5 Be6 15. Rc1 d5 16. Qa4 Bd7 17. Rfd1 f4 18. Nc2 g5 19. h3 h5 20. d4 dxe4 21. Nxe5 Be8 22. Qb3+ Kh8 23. Qe6 Rf6 24. Qc4 f3 25. Ne1 fxg2 26. Rc3 Qe7 27. Rg3 Rf8 28. d5 Bxe5 29. Rxg2 Bf4 30. d6 cxd6 31. cxd6 Qd7 32. Qxe4 Bf7 33. Nf3 Bd5 34. Qd4+ Qg7 35. Qd3 Bxf3 36. Qxf3 Bh2+ 37. Kxh2 Rxf3 38. Rdg1 Qe5+ 39. Kh1 Rxh3+ 40. Rh2 Qxh2# 0-1


[Site "https://www.chess.com"]

[Event "Titled Tuesday Blitz July 25 Early 2023"]
[White "Valgmae, Toomas"]
[Black "Galiot, Goran"]
[WhiteFideId "4502523"]
[BlackFideId "931560"]
[WhiteElo "2435"]
[BlackElo "2554"]
[Result "1-0"]
[Round "8"]
[TimeControl "180+2"]
[Date "2023.07.25"]
[WhiteClock "0:01:09"]
[BlackClock "0:00:29"]
[Board "102"]

1. d4 Nf6 2. c4 g6 3. Nc3 Bg7 4. e4 d6 5. f3 O-O 6. Be3 Nfd7 7. Qd2 e5 8. Nge2 Nc6 9. O-O-O a5 10. Kb1 b6 11. h4 Ba6 12. h5 Bxc4 13. Bh6 Bxh6 14. Qxh6 g5 15. Ng3 Bxf1 16. Nf5 Qf6 17. Qxf6 Nxf6 18. Rhxf1 Nxd4 19. Nxd4 exd4 20. Rxd4 h6 21. g4 Rfe8 22. Rc1 Re5 23. a4 Rc5 24. Nb5 Rc8 25. Rxc5 bxc5 26. Rd3 Nd7 27. Kc2 Ne5 28. Re3 Kf8 29. Kc3 Ke7 30. b3 c6 31. Na3 Rb8 32. Nc4 Nxc4 33. Kxc4 Rb4+ 34. Kc3 Ke6 35. Rd3 Ke5 36. Rd1 Rd4 37. Re1 f6 38. Rf1 Kf4 39. Rf2 Ke3 40. Rf1 Ke2 41. Rc1 Rxe4 42. fxe4 1-0


[Site "https://www.chess.com"]

[Event "Titled Tuesday Blitz July 25 Early 2023"]
[White "Rosh Jain"]
[Black "Fiorito, Francisco"]
[WhiteFideId "25789465"]
[BlackFideId "180165"]
[WhiteElo "2435"]
[BlackElo "2547"]
[Result "1-0"]
[Round "8"]
[TimeControl "180+2"]
[Date "2023.07.25"]
[WhiteClock "0:01:04"]
[BlackClock "0:01:06"]
[Board "103"]

1. e4 c5 2. Nc3 Nc6 3. f4 g6 4. Nf3 Bg7 5. a4 e6 6. e5 d5 7. Nb5 Nh6 8. Nd6+ Ke7 9. c3 f6 10. d4 cxd4 11. cxd4 Nf5 12. Nxf5+ gxf5 13. Bd3 Rf8 14. O-O fxe5 15. fxe5 Kf7 16. Be3 Kg8 17. Kh1 Bd7 18. Ng1 Be8 19. Nh3 Qb6 20. Nf4 Bd7 21. Bb5 a6 22. Bxc6 Qxc6 23. Rc1 Qb6 24. b3 Rac8 25. Nh5 Rxc1 26. Bxc1 Qd8 27. Rf3 Be8 28. Rg3 Bxh5 29. Qxh5 Kh8 30. Rh3 Kg8 31. Qxh7+ Kf7 32. Rg3 Rg8 33. Bh6 Qf8 34. Qg6+ Ke7 35. Bxg7 Qc8 36. Bf6+ Kd7 37. Qf7+ Kc6 38. Rxg8 Kb6 39. Rxc8 1-0


[Site "https://www.chess.com"]

[Event "Titled Tuesday Blitz July 25 Early 2023"]
[White "Hansch, Karsten"]
[Black "Balla, Tamas-Kristof"]
[WhiteFideId "24692239"]
[BlackFideId "1208497"]
[WhiteElo "2543"]
[BlackElo "2425"]
[Result "0-1"]
[Round "8"]
[TimeControl "180+2"]
[Date "2023.07.25"]
[WhiteClock "0:01:53"]
[BlackClock "0:01:29"]
[Board "104"]

1. e4 c5 2. Nf3 Nc6 3. d4 cxd4 4. Nxd4 e5 5. Nb5 d6 6. N1c3 a6 7. Na3 b5 8. Nd5 Nge7 9. Nxe7 Bxe7 10. c3 O-O 11. Nc2 Kh8 12. Ne3 Bg5 13. Bd3 Be6 14. h4 Bh6 15. Nd5 Bxc1 16. Rxc1 Bxd5 17. exd5 Ne7 18. g4 f5 19. gxf5 Nxf5 20. Qg4 Nh6 21. Qg5 Qb6 22. Rh2 e4 23. Bxe4 Rae8 24. f3 Rxf3 25. Re2 Rxe4 0-1


[Site "https://www.chess.com"]

[Event "Titled Tuesday Blitz July 25 Early 2023"]
[White "Goncalves, Davi Sulzbacher"]
[Black "Shapiro, Viktor"]
[WhiteFideId "2154510"]
[BlackFideId "4175700"]
[WhiteElo "2427"]
[BlackElo "2519"]
[Result "0-1"]
[Round "8"]
[TimeControl "180+2"]
[Date "2023.07.25"]
[WhiteClock "0:00:00"]
[BlackClock "0:00:11"]
[Board "105"]

1. d4 Nf6 2. c4 c5 3. d5 e6 4. Nc3 exd5 5. cxd5 d6 6. g3 g6 7. Bg2 Bg7 8. Nf3 O-O 9. O-O a6 10. a4 Re8 11. Bf4 Nh5 12. Bd2 Nd7 13. e4 Rb8 14. a5 b5 15. axb6 Qxb6 16. Rb1 Qb3 17. Qe2 Nhf6 18. Rfe1 Rb4 19. Bf4 Bf8 20. Nd2 Qc2 21. Rec1 Qxc1+ 22. Rxc1 Rxb2 23. Qd1 Rb4 24. Bf1 Nh5 25. Be3 Ne5 26. Be2 Nf6 27. Bf4 Bg7 28. Bxe5 dxe5 29. Na4 Nxe4 30. Nxe4 Rxe4 31. Nxc5 Rd4 32. Qb3 e4 33. Bc4 Bh6 34. Rd1 Rxd1+ 35. Qxd1 e3 36. f4 Bf8 37. d6 Rd8 38. Ne4 Bf5 39. Ng5 Rxd6 40. Qb3 Rd2 41. Qxe3 Rc2 42. Bxf7+ Kg7 43. Qe5+ Kh6 44. Bb3 Bc5+ 45. Kf1 Rxh2 46. Qc7 Bd3+ 47. Ke1 Bb4+ 0-1


[Site "https://www.chess.com"]

[Event "Titled Tuesday Blitz July 25 Early 2023"]
[White "SmirnovAlexandrA"]
[Black "Pandey Srishti"]
[BlackFideId "35093290"]
[WhiteElo "2499"]
[BlackElo "2424"]
[Result "0-1"]
[Round "8"]
[TimeControl "180+2"]
[Date "2023.07.25"]
[WhiteClock "0:00:13"]
[BlackClock "0:00:13"]
[Board "106"]

1. e4 e5 2. d4 exd4 3. Qxd4 Nc6 4. Qe3 Nge7 5. Nc3 d6 6. Bd2 Ng6 7. O-O-O Be7 8. f4 f5 9. Nf3 Be6 10. Bb5 Qd7 11. Nd4 O-O 12. exf5 Bxf5 13. Nxf5 Qxf5 14. Rdf1 Rae8 15. g4 Qxg4 16. Rhg1 Qh5 17. Be2 Qc5 18. Qe6+ Kh8 19. Rxg6 hxg6 20. Rf3 Bh4 21. Qxg6 Ne7 22. Qg4 Nf5 23. Rh3 Kg8 24. Bd3 Be1 25. Qh5 Bxd2+ 26. Kxd2 Nh6 27. Qg6 Qf2+ 28. Ne2 Rxe2+ 29. Bxe2 Qxf4+ 30. Kd1 Qd4+ 31. Kc1 Qf4+ 32. Kd1 Qd4+ 33. Qd3 Qg1+ 34. Kd2 Qg5+ 35. Qe3 Qa5+ 36. c3 Qxa2 37. Kc1 Qa1+ 38. Kc2 Qa4+ 39. Kb1 Qf4 40. Qe6+ Qf7 41. Qe3 Qf5+ 42. Bd3 Qf6 43. Qe4 Qf5 44. Qxf5 Nxf5 45. Bc4+ Rf7 46. Bxf7+ Kxf7 47. Kc2 g6 48. Kd3 Ke6 49. b4 Ne7 50. Re3+ Kd7 51. c4 b6 52. Rg3 Nc6 53. Kc3 Ne5 54. Kd4 a6 55. h4 Ke6 56. Rg2 Kd7 57. Re2 Nf3+ 58. Kd5 Nxh4 59. c5 Nf5 60. c6+ Kd8 61. Re1 Ne7+ 62. Ke6 Nxc6 63. Rg1 Nd4+ 64. Kd5 Nc2 65. Rg4 Kd7 66. Rxg6 Nxb4+ 67. Kc4 Nc6 68. Rg7+ Kc8 69. Kd5 Kb7 70. Rh7 Nb4+ 71. Ke6 a5 72. Kd7 Na6 73. Kd8 a4 74. Rh4 b5 75. Kd7 Kb6 76. Ke6 Nc5+ 77. Kd5 Na6 78. Kd4 c6 79. Rh6 d5 80. Kc3 b4+ 81. Kd4 Kb5 82. Rh8 a3 83. Rh3 Ka4 84. Rh1 b3 85. Kc3 b2 86. Kc2 Nb4+ 87. Kb1 d4 88. Rh4 c5 89. Rxd4 a2+ 90. Kxb2 cxd4 91. Ka1 Kb5 92. Kb2 Kc4 93. Ka1 Kd3 94. Kb2 Ke2 95. Kb3 d3 0-1


[Site "https://www.chess.com"]

[Event "Titled Tuesday Blitz July 25 Early 2023"]
[White "Ginzburg, Yakov"]
[Black "Molina Carretero, Daniel"]
[WhiteFideId "4157176"]
[BlackFideId "32071914"]
[WhiteElo "2496"]
[BlackElo "2423"]
[Result "1-0"]
[Round "8"]
[TimeControl "180+2"]
[Date "2023.07.25"]
[WhiteClock "0:00:26"]
[BlackClock "0:00:03"]
[Board "107"]

1. e4 c5 2. Nf3 d6 3. c3 Nf6 4. Be2 g6 5. O-O Bg7 6. Re1 O-O 7. Bf1 Bg4 8. d3 Nc6 9. Nbd2 Rb8 10. h3 Bxf3 11. Nxf3 Nd7 12. a3 b5 13. d4 a5 14. d5 Nce5 15. Nxe5 Nxe5 16. a4 b4 17. Bb5 bxc3 18. bxc3 f5 19. exf5 Rxf5 20. Qc2 c4 21. f4 Nd3 22. Re4 Nb4 23. Qe2 Nxd5 24. Bxc4 Kh8 25. Bxd5 Rxd5 26. Rxe7 Bxc3 27. Ra3 Bf6 28. Re6 Rc5 29. Be3 Rb1+ 30. Kh2 Rc8 31. Rd3 Rb4 32. Rdxd6 Qg8 33. Rxf6 Rxa4 34. Bd4 Rxd4 35. Rxd4 Re8 36. Qb2 Qg7 37. Rd7 Rg8 38. Rff7 1-0


[Site "https://www.chess.com"]

[Event "Titled Tuesday Blitz July 25 Early 2023"]
[White "Iljin, Timofey"]
[Black "Shubenkova, Veronika"]
[WhiteFideId "14110180"]
[BlackFideId "44124040"]
[WhiteElo "2416"]
[BlackElo "2496"]
[Result "0-1"]
[Round "8"]
[TimeControl "180+2"]
[Date "2023.07.25"]
[WhiteClock "0:00:31"]
[BlackClock "0:02:15"]
[Board "108"]

1. e4 e6 2. d4 d5 3. Nd2 Nf6 4. Bd3 Be7 5. c3 c5 6. Ngf3 Nc6 7. O-O a6 8. e5 Nd7 9. Re1 b5 10. Nf1 Qb6 11. Be3 Bb7 12. Bc2 c4 13. a3 a5 14. N3d2 O-O-O 15. b3 cxb3 16. Bxb3 a4 17. Bc2 Na5 18. Rb1 Qc6 19. Bd3 Ba6 20. Qe2 Nc4 21. Nxc4 dxc4 22. Bc2 Nb6 23. Nd2 Nd5 24. Ne4 Bxa3 25. Qg4 g6 26. Nf6 Nxc3 27. Ra1 Bb2 28. Bd2 h5 29. Qh4 Bb7 30. g3 Qg2# 0-1


[Site "https://www.chess.com"]

[Event "Titled Tuesday Blitz July 25 Early 2023"]
[White "Fontaine, Quentin"]
[Black "Mejia, Cherry Ann"]
[WhiteFideId "230804"]
[BlackFideId "5206880"]
[WhiteElo "2494"]
[BlackElo "2404"]
[Result "1/2-1/2"]
[Round "8"]
[TimeControl "180+2"]
[Date "2023.07.25"]
[WhiteClock "0:00:14"]
[BlackClock "0:00:09"]
[Board "109"]

1. Nf3 d5 2. g3 Nf6 3. Bg2 b5 4. O-O Bb7 5. d3 c5 6. Nbd2 Nc6 7. e4 dxe4 8. dxe4 e5 9. a4 a6 10. c3 Be7 11. Qe2 c4 12. Nh4 O-O 13. Nf5 Bc5 14. Nf3 Ne7 15. N3h4 Nxf5 16. Nxf5 Qb6 17. Kh1 Rad8 18. axb5 axb5 19. Bg5 h6 20. Bc1 Rfe8 21. h3 Nh7 22. Qg4 Qg6 23. Qxg6 fxg6 24. Ne3 Nf6 25. Ra5 Bc6 26. Nd5 Nxd5 27. exd5 Bxd5 28. Rxb5 Bxg2+ 29. Kxg2 Be7 30. Rxe5 Bf6 31. Rxe8+ Rxe8 32. Rd1 Re2 33. Kf3 Rc2 34. h4 Kf7 35. Be3 Rxb2 36. Rd7+ Ke6 37. Rc7 Bxc3 38. Rxc4 Bf6 39. Rc6+ Kf7 40. Ke4 Rb4+ 41. Kd5 Rb5+ 42. Kd6 Be5+ 43. Kd7 Rb7+ 44. Kc8 Rb8+ 45. Kd7 Rb7+ 46. Kd8 Rb8+ 47. Rc8 Bf6+ 48. Kd7 Rb7+ 49. Kc6 Re7 50. Bc5 Re6+ 51. Kd5 Be7 52. Rc7 Re1 53. Kc6 Kf6 54. Bd4+ Kf7 55. Bc5 Kf6 56. Rxe7 Rxe7 57. Bxe7+ Kxe7 58. Kd5 Kd7 59. Ke5 Ke7 60. g4 Kd7 61. h5 gxh5 62. gxh5 Ke7 63. Kf5 Kf7 64. f3 Ke7 65. Kg6 Kf8 66. f4 Kg8 67. f5 Kf8 68. f6 gxf6 69. Kxf6 Kg8 70. Kg6 Kh8 71. Kxh6 Kg8 72. Kg6 Kh8 73. h6 Kg8 74. h7+ Kh8 75. Kh6 1/2-1/2


[Site "https://www.chess.com"]

[Event "Titled Tuesday Blitz July 25 Early 2023"]
[White "Roberson, Peter T"]
[Black "Fisabilillah, Ummi"]
[WhiteFideId "412384"]
[BlackFideId "7104804"]
[WhiteElo "2492"]
[BlackElo "2393"]
[Result "1-0"]
[Round "8"]
[TimeControl "180+2"]
[Date "2023.07.25"]
[WhiteClock "0:00:08"]
[BlackClock "0:00:11"]
[Board "110"]

1. e4 e6 2. d4 d5 3. e5 c5 4. Nf3 cxd4 5. Bd3 Nc6 6. O-O Qc7 7. Re1 Nge7 8. Bf4 Ng6 9. Bg3 Bc5 10. a3 a5 11. Nbd2 a4 12. h4 Bd7 13. h5 Nge7 14. b4 axb3 15. Nxb3 Bb6 16. a4 h6 17. Qd2 O-O 18. Bf4 Ba5 19. Nxa5 Qxa5 20. Qc1 Nb4 21. Bxh6 Nxd3 22. Qg5 Nf5 23. Bxg7 Nxe1 24. Nh4 Nxh4 25. Bf6+ Ng6 26. Qh6 Qd8 27. Qg7# 1-0


[Site "https://www.chess.com"]

[Event "Titled Tuesday Blitz July 25 Early 2023"]
[White "LLariMarc"]
[Black "Onufrienko, Vladislav"]
[BlackFideId "13804332"]
[WhiteElo "2356"]
[BlackElo "2492"]
[Result "1-0"]
[Round "8"]
[TimeControl "180+2"]
[Date "2023.07.25"]
[WhiteClock "0:01:13"]
[BlackClock "0:00:03"]
[Board "111"]

1. d4 d5 2. Nf3 Nf6 3. Bg5 Ne4 4. Bf4 c5 5. e3 Nc6 6. Nc3 Qa5 7. Bb5 Bg4 8. Bxc6+ bxc6 9. O-O Nxc3 10. bxc3 Qxc3 11. dxc5 Bxf3 12. Qxf3 e5 13. Bg3 Bxc5 14. Qf5 Bd6 15. h4 O-O 16. h5 h6 17. Rab1 Rab8 18. Rb3 Rxb3 19. axb3 Rd8 20. Bh4 f6 21. Bxf6 gxf6 22. Qg6+ Kf8 23. Qxf6+ Ke8 24. Qxh6 Qxc2 25. Qe6+ Be7 26. h6 Rd6 27. Qg8+ Kd7 28. h7 Bf6 29. Qf7+ Kc8 30. Qxf6 Rxf6 31. h8=Q+ Kb7 32. Qxf6 Qxb3 33. Qxe5 a5 34. g4 a4 35. g5 Qc2 36. Qg7+ Kb6 37. g6 a3 38. Qf6 Qe4 39. Qg5 a2 40. g7 Qb1 41. g8=Q Qb3 42. Qb8+ 1-0


[Site "https://www.chess.com"]

[Event "Titled Tuesday Blitz July 25 Early 2023"]
[White "Korelskiy, Egor"]
[Black "kiwibobo"]
[WhiteFideId "34329064"]
[WhiteElo "2488"]
[BlackElo "2338"]
[Result "0-1"]
[Round "8"]
[TimeControl "180+2"]
[Date "2023.07.25"]
[WhiteClock "0:00:00"]
[BlackClock "0:00:05"]
[Board "112"]

1. e4 e5 2. Nf3 Nc6 3. Bb5 a6 4. Ba4 Nf6 5. O-O b5 6. Bb3 Bc5 7. c3 d6 8. d4 Bb6 9. h3 h6 10. Re1 O-O 11. a4 Rb8 12. axb5 axb5 13. Be3 Bb7 14. d5 Na5 15. Bxb6 cxb6 16. Bc2 Bc8 17. Qe2 Bd7 18. Nbd2 Qc7 19. Bd3 Nb7 20. Bxb5 Nc5 21. Bxd7 Ncxd7 22. Qc4 Rfc8 23. Qe2 b5 24. Rec1 b4 25. Nh4 bxc3 26. Rxc3 Qb6 27. Rxc8+ Rxc8 28. Nf5 Qxb2 29. Rd1 Rc2 30. Nxd6 Nc5 31. N6c4 Qa2 32. Ne3 Rb2 33. f3 Nb3 34. Nec4 Nd4 35. Qd3 Nh5 36. Nxb2 Nf4 37. Qb1 Qa3 38. Ndc4 Qb3 39. d6 Nde6 40. d7 Nd8 41. Nxe5 Ne2+ 42. Kh2 Nc3 43. Qd3 Qxb2 44. Rd2 Qb4 45. Nc6 Qb6 0-1


[Site "https://www.chess.com"]

[Event "Titled Tuesday Blitz July 25 Early 2023"]
[White "Michalczak, Thomas"]
[Black "Kayis, Gulcan Sena"]
[WhiteFideId "4622634"]
[BlackFideId "34553045"]
[WhiteElo "2480"]
[BlackElo "2327"]
[Result "0-1"]
[Round "8"]
[TimeControl "180+2"]
[Date "2023.07.25"]
[WhiteClock "0:00:09"]
[BlackClock "0:01:23"]
[Board "113"]

1. e4 e6 2. d4 d5 3. Nc3 Nf6 4. e5 Nfd7 5. f4 c5 6. Nf3 Nc6 7. Be3 Be7 8. Qd2 Qb6 9. Nd1 cxd4 10. Nxd4 Nxd4 11. Bxd4 Bc5 12. c3 O-O 13. b4 Bxd4 14. Qxd4 a5 15. b5 a4 16. Bd3 Nc5 17. O-O Bd7 18. Rb1 Rac8 19. Rf3 Qc7 20. Bc2 f6 21. exf6 Rxf6 22. g3 Qa5 23. b6 Na6 24. Qe5 Qc5+ 25. Nf2 Rc6 26. Bxa4 Rd6 27. Bxd7 Rxd7 28. Kg2 Qc4 29. Ng4 Rg6 30. Re3 Qxa2+ 31. Re2 Qxb1 32. f5 Qxf5 33. Qxf5 exf5 34. Ne5 Re6 0-1


[Site "https://www.chess.com"]

[Event "Titled Tuesday Blitz July 25 Early 2023"]
[White "Erzhanov, Arman"]
[Black "Ruge, Edison"]
[WhiteFideId "4138821"]
[BlackFideId "4401000"]
[WhiteElo "2478"]
[BlackElo "2246"]
[Result "0-1"]
[Round "8"]
[TimeControl "180+2"]
[Date "2023.07.25"]
[WhiteClock "0:01:33"]
[BlackClock "0:00:47"]
[Board "114"]

1. e4 e5 2. Nf3 Nc6 3. Bb5 f5 4. d3 fxe4 5. dxe4 Nf6 6. Nc3 Bb4 7. Qd3 d6 8. Bc4 Bxc3+ 9. bxc3 Qe7 10. Rb1 Nd8 11. O-O Be6 12. Bb3 O-O 13. Ng5 Kh8 14. f4 exf4 15. Bxf4 h6 16. Nf3 Ng4 17. h3 Rxf4 18. hxg4 Bxg4 19. Rbe1 Ne6 20. e5 Nc5 21. Qg6 Nxb3 22. exd6 Qxd6 23. Qxd6 cxd6 24. cxb3 Raf8 25. Re3 Bxf3 26. gxf3 g5 27. c4 Kg7 28. Rd1 Rxf3 29. Rxf3 Rxf3 30. Rxd6 g4 31. c5 h5 32. b4 h4 33. Rd4 Rg3+ 34. Kh2 Kf6 35. b5 Kf5 36. c6 bxc6 37. bxc6 Rc3 38. Rd5+ Kf4 39. Rd4+ Kf3 40. Rd6 Rc2+ 41. Kg1 Rxa2 42. Rd3+ Ke4 43. Rc3 Ra1+ 44. Kg2 Ra2+ 45. Kf1 Ra1+ 46. Ke2 Ra2+ 47. Kd1 h3 48. Rc4+ Kd3 49. Rxg4 Ra1# 0-1


[Site "https://www.chess.com"]

[Event "Titled Tuesday Blitz July 25 Early 2023"]
[White "Ai, Evan"]
[Black "Dehtiarov, Roman"]
[WhiteFideId "2094770"]
[BlackFideId "14186640"]
[WhiteElo "2426"]
[BlackElo "2703"]
[Result "0-1"]
[Round "8"]
[TimeControl "180+2"]
[Date "2023.07.25"]
[WhiteClock "0:00:18"]
[BlackClock "0:00:50"]
[Board "115"]

1. e4 e5 2. Nf3 Nc6 3. Bb5 a6 4. Ba4 Nf6 5. O-O Be7 6. Re1 b5 7. Bb3 d6 8. c3 O-O 9. h3 Bb7 10. d4 Re8 11. Nbd2 Bf8 12. Bc2 Nb8 13. Nf1 exd4 14. cxd4 Nxe4 15. d5 Nf6 16. Bg5 Nbd7 17. Rxe8 Qxe8 18. Ne3 Ne4 19. Bf4 g6 20. Qd4 Ndc5 21. b4 Bg7 22. Qd1 Bxa1 23. bxc5 Bg7 24. c6 Bc8 25. Ne1 Nc3 26. Qd2 b4 27. Bd3 a5 28. N1c2 Ba6 29. Bxa6 Rxa6 30. Qd3 Ra8 31. Qc4 Qe4 32. Qxe4 Nxe4 33. Nc4 Bc3 34. Kf1 a4 0-1


[Site "https://www.chess.com"]

[Event "Titled Tuesday Blitz July 25 Early 2023"]
[White "Yashmetov, Mikhail"]
[Black "Danielyan, Vahe"]
[WhiteFideId "24198900"]
[BlackFideId "13304828"]
[WhiteElo "2425"]
[BlackElo "2627"]
[Result "0-1"]
[Round "8"]
[TimeControl "180+2"]
[Date "2023.07.25"]
[WhiteClock "0:00:02"]
[BlackClock "0:01:25"]
[Board "116"]

1. d4 Nf6 2. c4 g6 3. g3 Bg7 4. Bg2 O-O 5. Nf3 d6 6. Nc3 c6 7. O-O Bf5 8. Qb3 Qb6 9. Qxb6 axb6 10. Nd2 Na6 11. e4 Be6 12. d5 cxd5 13. cxd5 Bg4 14. Nc4 Nb4 15. Nxb6 Ra6 16. Nc4 Rc8 17. Ne3 Bd7 18. Bd2 Ng4 19. Nxg4 Bxg4 20. a3 Nd3 21. Rab1 Bd4 22. h3 Bd7 23. Nd1 Rc2 24. Bc3 Bxc3 25. bxc3 b5 26. Ra1 Nc1 27. Ne3 Ne2+ 28. Kh2 Rxc3 29. Rfe1 Nd4 30. Red1 Nb3 31. Ra2 b4 32. a4 Rxa4 33. Rb2 Nc5 34. Rdb1 b3 35. Nd1 Rc2 36. Ne3 Rxb2 37. Rxb2 Ra2 38. Nd1 Bb5 39. Bf3 Bc4 40. Kg1 Na4 41. Rb1 b2 42. Nxb2 Rxb2 43. Rc1 Bd3 44. Rd1 Rb1 45. Kg2 Rxd1 46. Bxd1 Bxe4+ 0-1


[Site "https://www.chess.com"]